 Dungeon Crawl Stone Soup version 0.31-a0-237-g2d982f9f85 (webtiles) character file.

Game seed: 13816168720990311166

709 qw the Shooter (level 7, -2/59 HPs)
             Began as a Minotaur Hexslinger on July 11, 2023.
             Was a Follower of Okawaru.
             Slain by a gnoll
             ... wielding a +0 halberd
             ... led by a gnoll bouda
              (12 damage)
             ... on level 6 of the Dungeon.
             The game lasted 00:01:43 (3649 turns).

qw the Shooter (Minotaur Hexslinger)                Turns: 3649, Time: 00:01:44

Health: -2/59      AC: 12    Str: 13    XL:     7   Next: 40%
Magic:  4/7        EV: 15    Int: 10    God:    Okawaru [*.....]
Gold:   394        SH:  0    Dex: 14    Spells: 7/8 levels left

rFire   . . .        b - +0 shortbow
rCold   + . .        (shield currently unavailable)
rNeg    . . .        k - +0 steam dragon scales
rPois   .            (helmet restricted)
rElec   .            a - +0 cloak
rCorr   .            (no gloves)
SInv    .            (no boots)
Will    .....        (no amulet)
Stlth   +++          h - +4 ring of protection
HPRegen 0.29/turn    c - ring of protection from cold
MPRegen 0.10/turn

%: no passive effects
@: heroic
A: horns 2, retaliatory headbutt
a: Renounce Religion, Heroism


You were on level 6 of the Dungeon.
You worshipped Okawaru.
Okawaru was aware of your devotion.
You visited 1 branch of the dungeon, and saw 6 of its levels.

You collected 394 gold pieces.


Innate Abilities, Weirdness & Mutations

You have a pair of horns on your head.
You reflexively headbutt those who attack you in melee.


   Skills:
 - Level 4.1(9.1) Fighting
 + Level 7.0(12.0) Ranged Weapons
 - Level 3.2(8.2) Armour
 - Level 2.1(7.1) Dodging
 - Level 1.0 Spellcasting
 - Level 2.0 Hexes
 + Level 2.6 Invocations


You had 7 spell levels left.
You knew the following spells:

 Your Spells              Type           Power      Damage    Failure   Level
a - Slow                  Hex            16%        N/A       16%         1

Your spell library contained the following spells:

 Spells                   Type           Power      Damage    Failure   Level
 Inner Flame              Hex/Fire       2%         N/A       56%         3
 Portal Projectile        Hex/Tloc       4%         N/A       56%         3
 Cause Fear               Hex            2%         N/A       83%         4

Inventory:

Hand Weapons
 b - a +0 shortbow (weapon)
Armour
 a - a +0 cloak (worn)
 k - +0 steam dragon scales (worn)
Jewellery
 c - a ring of protection from cold (right hand)
 f - a ring of willpower
 h - a +4 ring of protection (left hand)
Potions
 d - a potion of mutation {unknown}
 e - a potion of might
 g - a potion of berserk rage {unknown}
 i - a potion of magic {unknown}
 l - a potion of lignification {unknown}

Dungeon Overview and Level Annotations

Branches:
Dungeon (6/15)             Temple (0/1) D:6

Altars:
Cheibriados
Elyvilon
Fedhas
Makhleb
Okawaru

Portals:
Abyss: D:4

Annotations:
D:4 2 transporters, qw's ghost, novice GrHs
D:6 2 transporters


Message History

The gnoll's wounds heal themselves!
The gnoll closely misses you. The gnoll barely misses you.
You shoot an arrow. The arrow hits the gnoll bouda!
You kill the gnoll bouda!
Okawaru accepts your kill.
The gnoll hits you from afar with a +0 halberd.
The gnoll completely misses you.
You shoot an arrow. The arrow hits the gnoll.
The gnoll is heavily wounded.
The gnoll closely misses you.
You shoot an arrow. The arrow hits the gnoll.
The gnoll is heavily wounded.
The gnoll hits you from afar with a +0 spear!
The gnoll misses you.
A hound comes into view.
You shoot an arrow. The arrow closely misses the gnoll.
The hound barks!
The gnoll misses you. The gnoll closely misses you.
The gnoll hits you from afar with a +0 spear.
You shoot an arrow. The arrow barely misses the gnoll.
The gnoll barely misses you.
The gnoll hits you from afar with a +0 halberd!
The gnoll misses you.
You shoot an arrow. The arrow barely misses the gnoll.
You feel like a meek peon again. The gnoll barely misses you.
The gnoll misses you.
The gnoll hits you from afar with a +0 halberd!
3647 ||| INVOKING Heroism.
You gain the combat prowess of a mighty hero.
The gnoll hits you but does no damage. The gnoll closely misses you.
The gnoll hits you from afar with a +0 spear.
You shoot an arrow. The arrow hits the gnoll.
The gnoll is almost dead.
The gnoll hits you but does no damage.
You shoot an arrow. The arrow hits the gnoll.
You kill the gnoll!
Okawaru accepts your kill. The hound completely misses you.
The gnoll barely misses you.
The gnoll hits you from afar with a +0 halberd!
You die...

....#....##...###
.....>.
#....#.......##
..##...
#....#.....## .#.
. #.....#...## ..
#....#..## #.
#.......##
##.......###
#.........##
##.....@hg$#
#.....##).).....
........###g.....
...##... ##....
### ##.. #... ##
.. .


You could see a hound and 2 gnolls.

Vanquished Creatures
  A black bear (D:4)
  An ogre (D:4)
  A centaur (D:5)
  A scorpion (D:5)
  2 hounds
  2 orc priests (D:5)
  A gnoll bouda (D:6)
  2 orc wizards
  2 gnolls (D:6)
  8 adders
  A shadow imp (D:6)
  A worm (D:3)
  6 dart slugs
  6 orcs
  9 bats
  6 endoplasms
  A giant cockroach (D:1)
  8 goblins
  10 hobgoblins
  6 jackals
  7 kobolds
  3 quokkas
  8 ball pythons
  A frilled lizard (D:2)
  10 rats
104 creatures vanquished.

Notes
Turn   | Place    | Note
-------+----------+-------------------------------------------
     0 | D:1      | qw the Minotaur Hexslinger began the quest for the Orb.
     0 | D:1      | Reached XP level 1. HP: 16/16 MP: 1/1
     0 | D:1      | 0 ||| qw: Version: 0.3-a-52-g30416fa
     0 | D:1      | 0 ||| qw: Game counter: 5515
     0 | D:1      | 0 ||| qw: Melee chars always use a shield: true
     0 | D:1      | 0 ||| qw: God list: Okawaru
     0 | D:1      | 0 ||| qw: Allow faded altars: false
     0 | D:1      | 0 ||| qw: Do Orc after clearing Dungeon:15 true
     0 | D:1      | 0 ||| qw: Do second Lair branch before Depths: true
     0 | D:1      | 0 ||| qw: Lair rune preference: random
     0 | D:1      | 0 ||| qw: Goals: Normal
     0 | D:1      | 0 ||| PLANNING D:1-11
   102 | D:1      | Reached skill level 3 in Ranged Weapons
   102 | D:1      | Reached XP level 2. HP: 23/23 MP: 2/2
   558 | D:1      | 558 ||| UPGRADING to +4 ring of protection.
   559 | D:1      | 559 ||| READING scroll labelled VILEODY AF BES.
   560 | D:1      | 560 ||| READING scroll labelled VERAGA JINO.
   565 | D:1      | 565 ||| DROPPING scroll of poison.
   603 | D:2      | Reached XP level 3. HP: 29/29 MP: 3/3
   607 | D:2      | Identified the +10 flail of Cawk {flame, *Rage rPois rF+}
   822 | D:2      | Reached skill level 4 in Ranged Weapons
  1088 | D:2      | Reached XP level 4. HP: 36/36 MP: 4/4
  1109 | D:2      | Found a faded altar of an unknown god.
  1197 | D:2      | 1197 ||| UPGRADING to +0 leather armour.
  1207 | D:2      | 1207 ||| DROPPING +0 robe.
  1208 | D:2      | 1208 ||| UPGRADING to +0 steam dragon scales.
  1218 | D:2      | 1218 ||| DROPPING +0 leather armour.
  1219 | D:2      | 1219 ||| READING scroll labelled LESHREA IMONURR.
  1220 | D:2      | 1220 ||| DRINKING 2 silvery potions.
  1221 | D:2      | 1221 ||| DRINKING 2 dark potions.
  1222 | D:2      | 1222 ||| DRINKING 2 murky grey potions.
  1320 | D:3      | Found a burning altar of Makhleb.
  1320 | D:3      | Noticed a blizzard demon
  1491 | D:3      | Reached skill level 5 in Ranged Weapons
  1552 | D:3      | Found a white marble altar of Elyvilon.
  1556 | D:3      | Found an iron altar of Okawaru.
  1557 | D:3      | 1557 ||| PLANNING OKAWARU WORSHIP
  1557 | D:3      | 1557 ||| READING scroll labelled USIXACE ATEU.
  1565 | D:3      | Became a worshipper of Warmaster Okawaru
  1566 | D:3      | 1566 ||| PLANNING D:1-11
  1607 | D:3      | 1607 ||| SWAPPING to +0 sling of freezing.
  1608 | D:3      | 1608 ||| DROPPING +1 sling.
  1862 | D:4      | Found a one-way gate to the infinite horrors of the Abyss.
  1862 | D:4      | Noticed a small abomination
  1862 | D:4      | Noticed qw's ghost (novice GrHs)
  1899 | D:4      | Noticed an ogre
  1905 | D:4      | HP: 2/37 [ogre/+0 giant club (22)]
  1906 | D:4      | 1906 ||| READING scroll of teleportation.
  1907 | D:4      | Reached skill level 3 in Fighting
  1907 | D:4      | 1907 ||| DRINKING potion of heal wounds.
  1912 | D:4      | Killed an ogre
  1913 | D:4      | Reached skill level 3 in Armour
  1913 | D:4      | Reached XP level 5. HP: 29/45 MP: 5/5
  1913 | D:4      | 1913 ||| FLEEEEING.
  1914 | D:4      | 1914 ||| FLEEEEING.
  1915 | D:4      | 1915 ||| FLEEEEING.
  1916 | D:4      | 1916 ||| FLEEEEING.
  1917 | D:4      | 1917 ||| FLEEEEING.
  1918 | D:4      | 1918 ||| FLEEEEING.
  1919 | D:4      | 1919 ||| FLEEEEING.
  1920 | D:4      | 1920 ||| FLEEEEING.
  1921 | D:4      | 1921 ||| FLEEEEING.
  1922 | D:4      | 1922 ||| FLEEEEING.
  1923 | D:4      | 1923 ||| FLEEEEING.
  1924 | D:4      | 1924 ||| FLEEEEING.
  1925 | D:4      | 1925 ||| FLEEEEING.
  1926 | D:4      | 1926 ||| FLEEEEING.
  1927 | D:4      | 1927 ||| FLEEEEING.
  1928 | D:4      | 1928 ||| FLEEEEING.
  1929 | D:4      | 1929 ||| STAIRDANCE
  2004 | D:4      | Found a transporter.
  2164 | D:4      | 2164 ||| FLEEEEING.
  2165 | D:4      | 2165 ||| FLEEEEING.
  2361 | D:4      | Noticed a black bear
  2374 | D:4      | HP: 11/45 [black bear (10)]
  2375 | D:4      | Killed a black bear
  2375 | D:4      | Reached * piety under Okawaru
  2376 | D:4      | Reached skill level 6 in Ranged Weapons
  2376 | D:4      | Reached XP level 6. HP: 13/51 MP: 6/6
  2542 | D:4      | Found a transporter.
  2678 | D:4      | Found a blossoming altar of Fedhas.
  2694 | D:4      | 2694 ||| UPGRADING to ring of protection from cold.
  2695 | D:4      | 2695 ||| DRINKING 2 lumpy cyan potions.
  2696 | D:4      | 2696 ||| DRINKING potion of curing.
  2696 | D:4      | 2696 ||| (to cure confusion)
  2697 | D:4      | 2697 ||| DRINKING 2 fuming pink potions.
  2698 | D:4      | 2698 ||| DROPPING potion of ambrosia.
  2699 | D:4      | 2699 ||| DROPPING potion of brilliance.
  2730 | D:5      | Entered Level 5 of the Dungeon
  2744 | D:5      | 2744 ||| STAIRDANCE
  2770 | D:5      | 2770 ||| STAIRDANCE
  2831 | D:5      | 2831 ||| INVOKING Heroism.
  2907 | D:5      | Reached skill level 1 in Invocations
  2907 | D:5      | Reached XP level 7. HP: 44/59 MP: 7/7
  2963 | D:5      | 2963 ||| SWAPPING to +0 shortbow.
  2964 | D:5      | 2964 ||| DROPPING +0 sling of freezing.
  3222 | D:5      | Found a snail-covered altar of Cheibriados.
  3367 | D:5      | 3367 ||| DROPPING +3 sling.
  3387 | D:5      | 3387 ||| UPGRADING to +0 cloak.
  3392 | D:5      | 3392 ||| DROPPING amulet of magic regeneration.
  3502 | D:6      | Found a transporter.
  3509 | D:6      | Found a transporter.
  3603 | D:6      | Found a staircase to the Ecumenical Temple.
  3627 | D:6      | 3627 ||| INVOKING Heroism.
  3637 | D:6      | Reached skill level 7 in Ranged Weapons
  3647 | D:6      | 3647 ||| INVOKING Heroism.
  3647 | D:6      | HP: 9/59 [gnoll/+0 spear[a gnoll bouda] (6)]
  3649 | D:6      | Slain by a gnoll

Levels and vault maps discovered:
D:1:      dpeg_arrival_another_circle, layout_basic
D:2:      layout_loops_ring, shapermc_ecumenical_altar_mp_ritualfount
D:3:      layout_loops_ring, makhleb_altar_promises_db,
          grunt_temple_overflow_open
D:4:      layout_basic, fedhas_altar_fruit_tree, gammafunk_ghost_abyssal_escape,
          minmay_distorted
D:5:      layout_cave_pools, kennysheep_slug_shrine
D:6:      gammafunk_steamed_eel, layout_layer_cave, nzn_wu_jian_contemplation,
          led_sif_pool, minmay_temple_entry_mini_moons, serial_park_tiny_2,
          uniq_eustachio, uniq_menkaure

Skill      XL: |  1  2  3  4  5  6  7 |
---------------+----------------------+-----
Ranged Weapons | 3 4 5 6 7 |  7.0
Fighting       | 2 3 4 |  4.1
Armour         | 3 |  3.2
Invocations    | 1 2 |  2.6
Dodging        | |  2.1
Spellcasting   | |  1.0
Hexes          | |  2.0

Action                     |  1- 3 |  4- 6 |  7- 9 || total
---------------------------+-------+-------+-------++-------
   Fire: Sling             |   112 |   216 |       ||   328
         Shortbow          |       |       |    72 ||    72
 Invoke: Heroism           |       |     1 |     2 ||     3
    Use: Scroll            |     2 |     3 |       ||     5
         Potion            |       |     7 |       ||     7
 Armour: Robe              |    14 |     2 |       ||    16
         Steam dragon scal |       |    55 |    17 ||    72
  Dodge: Dodged            |    21 |    78 |    34 ||   133

Table legend:
 A = Non-vault XP
 B = Vault XP
 C = Vault XP percentage of total XP
 D = Non-vault monster count
 E = Vault monster count
 F = Vault count percentage of total count
                 A         B        C        D         E       F
            +---------+---------+-------+---------+---------+-------
      Total |    1019 |       9 |   0.9 |     101 |       3 |   2.9
            +---------+---------+-------+---------+---------+-------
        D:1 |      38 |       0 |   0.0 |      26 |       0 |   0.0
        D:2 |      72 |       0 |   0.0 |      21 |       0 |   0.0
        D:3 |      57 |       0 |   0.0 |      18 |       0 |   0.0
        D:4 |     385 |       5 |   1.3 |      17 |       2 |  10.5
        D:5 |     389 |       4 |   1.0 |      15 |       1 |   6.2
        D:6 |      78 |       0 |   0.0 |       4 |       0 |   0.0
            +---------+---------+-------+---------+---------+-------
